 Dungeon Sprint DCSS version 0.27-a0-1217-g8a41f320e8 (webtiles) character file.

Game seed: 7489884255685651642

231 funkygono the Blocker (level 6, -4/53 HPs)
             Began as a Formicid Fighter on June 6, 2021.
             Killed by divine providence
             ... invoked by an orc priest
              (11 damage)
             ... in the Dungeon (Sprint VII: "The Pits").
             The game lasted 00:01:33 (290 turns).

funkygono the Blocker (Formicid Fighter)             Turns: 290, Time: 00:01:34

Health: -4/53      AC: 13    Str: 22    XL:     6   Next: 24%
Magic:  6/6        EV:  8    Int:  8    God:
Gold:   0          SH: 11    Dex: 10    Spells: 5/5 levels left

rFire    . . .     SeeInvis +   m - +2 long sword (holy)
rCold    . . .     Faith    .   c - +0 kite shield
rNeg     . . .     Spirit   .   l - +3 chain mail
rPois    .         Reflect  .   (helmet unavailable)
rElec    .         Harm     .   (no cloak)
rCorr    .         Rampage  .   (no gloves)
Will     .....                  (no boots)
Stlth    ..........             (no amulet)
HPRegen  0.17/turn              (no ring)
MPRegen  0.10/turn              (no ring)

@: no status effects
A: permanent stasis, dig shafts and tunnels, antennae 3, four strong arms
a: Dig


You were in the Dungeon.
You visited 1 branch

Inventory:

Hand Weapons
 m - a +2 long sword of holy wrath (weapon)
Armour
 b - a +0 scale mail
 c - a +0 kite shield (worn)
 l - a +3 chain mail (worn)
Scrolls
 j - 5 scrolls of amnesia
 k - a scroll of summoning
Potions
 d - a potion of might
 e - 6 potions of curing
 f - 6 potions of heal wounds
 g - 4 potions of magic
 i - 2 potions of invisibility


   Skills:
 + Level 6.7 Fighting
 + Level 5.5 Long Blades
 + Level 8.0 Armour
 + Level 0.2 Dodging
 + Level 8.4 Shields


You had 5 spell levels left.
You didn't know any spells.
Your spell library was empty.

Dungeon Overview and Level Annotations

Branches:
Dungeon (1/1)

Altars:


Innate Abilities, Weirdness & Mutations

You cannot be hasted, slowed, berserked, paralysed or teleported.
You can dig through walls and to a lower floor.
You have a pair of large antennae on your head. (SInv)
Your four strong arms can wield two-handed weapons with a shield.


Message History

You block the river rat's attack.
You slash the river rat!
You kill the river rat!
The orc priest invokes the aid of Beogh against you.
Beogh smites you!
You slash the jackal!
You kill the jackal!
You barely miss the orc warrior. You block the orc warrior's attack.
You hit the orc warrior.
The orc warrior is lightly wounded.
The orc warrior hits you but does no damage.
You hit the orc warrior but do no damage.
The orc warrior is lightly wounded.
The orc warrior completely misses you.
You riposte.
Your chain mail prevents you from hitting the orc warrior.
The orc warrior is lightly wounded.
Your chain mail prevents you from hitting the orc warrior.
The orc warrior is lightly wounded.
The orc warrior hits you with a +0 hand axe of freezing.
The orc warrior freezes you.
You barely miss the orc warrior.
The orc warrior hits you with a +0 hand axe of freezing.
The orc warrior freezes you.
The orc warrior hits you with a +0 hand axe of freezing.
The orc warrior freezes you.
* * * LOW HITPOINT WARNING * * *
You barely miss the orc warrior.
The orc priest mumbles some strange prayers to Beogh against you.
Beogh smites you!
* * * LOW HITPOINT WARNING * * *
You block the orc warrior's attack.
You hit the orc warrior but do no damage.
The orc warrior barely misses you.
The orc priest casts a cantrip, but nothing happens.
There is an open door here.
Things that are here:
a +0 club; a goblin skeleton; a quokka skeleton The orc priest invokes the aid of Beogh against you.
Beogh smites you!
You die...

##########++
##########+##...........
#.?(!')))'.##......#..#.
##########.##...........
#....o..o.o@'...........
#'#####'#####......#..#.
#.#...#)#..##...........
#.#...#.#))#####'#####++
#.#...).#))##.......#
#o##)####.)##.......#
#.#.....#[.##.......#
#.#..)..#'###...<...#
#.#..))....##.......#


You could see an orc warrior, an orc priest and an orc.

Vanquished Creatures
  A floating eye (D)
  A phantom (D)
  An orc wizard (D)
  A gnoll (D)
  A river rat (D)
  2 orcs (D)
  3 ball pythons (D)
  An endoplasm (D)
  A giant cockroach (D)
  A goblin (D)
  3 jackals (D)
  A quokka (D)
  A frilled lizard (D)
18 creatures vanquished.

Notes
Turn   | Place    | Note
-------+----------+-------------------------------------------
     0 | D        | funkygono the Formicid Fighter began the quest for the Orb.
     0 | D        | Reached XP level 1. HP: 18/18 MP: 1/1
    78 | D        | Noticed a floating eye
    81 | D        | Killed a floating eye
    82 | D        | Reached skill level 5 in Fighting
    82 | D        | Reached XP level 2. HP: 28/28 MP: 2/2
    82 | D        | Reached XP level 3. HP: 34/34 MP: 3/3
    82 | D        | Reached XP level 4. HP: 40/40 MP: 4/4
    82 | D        | Reached XP level 5. HP: 46/46 MP: 5/5
   231 | D        | Noticed a phantom
   241 | D        | Killed a phantom
   242 | D        | Reached skill level 5 in Long Blades
   242 | D        | Reached XP level 6. HP: 52/53 MP: 6/6
   251 | D        | Noticed an orc warrior
   290 | D        | Killed from afar by an orc priest

Illustrated notes

Levels and vault maps discovered:
D:        pitsprint [storerooms_1, entrance_room_1, metal_vault_1, armoury_2,
          mini_pit_1, grid_room_1, main_hall_1, silver_pit, the_coven_3,
          the_vestibule_1, steel_vault_2, golden_pit, hallway_of_sentries,
          crystal_vault_5, iron_vault_4, final_vault]

Skill      XL: |  1  2  3  4  5  6 |
---------------+-------------------+-----
Shields        | 6 8 |  8.4
Fighting       | 5 6 |  6.7
Long Blades    | 3 5 |  5.5
Armour         | 6 7 8 |  8.0
Dodging        | |  0.2

Action                   |  1- 3 |  4- 6 || total
-------------------------+-------+-------++-------
Melee: Falchion          |    12 |    23 ||    35
       Long sword        |     5 |    39 ||    44
Armor: Scale mail        |     4 |     8 ||    12
       Chain mail        |       |    14 ||    14
Dodge: Dodged            |     3 |    12 ||    15
Block: Kite shield       |     9 |    32 ||    41
       Rpst.: Long sword |     1 |     2 ||     3
       Falchion          |       |     1 ||     1

Table legend: (Time is in decaauts)
 A = Elapsed time spent in this place.
 B = Non-inter-level travel time spent in this place.
 C = Inter-level travel time spent in this place.
 D = Time resting spent in this place.
 E = Time spent auto-exploring this place.
 F = Levels seen in this place.
 G = Mean time per level.
                   A        B        C        D        E       F      G
               +--------+--------+--------+--------+--------+-----+--------+
         Total |    306 |    306 |      0 |     10 |     33 |   1 |  306.0 |
       Dungeon |    306 |    306 |      0 |     10 |     33 |   1 |  306.0 |
               +--------+--------+--------+--------+--------+-----+--------+

Top non-repeatable levels by time:
       D: 306 daAuts
